[ PARTIDA AOE2 · #469292225 ]
1v1 RMMagiares vs Byzantines
Equipo del jugador · VICT
Equipo rival · DERR
[ ANÁLISIS DE REPETICIÓN · EXTRAÍDO DE LA PARTIDA GRABADA ]
Feudal
11:17
Castillos
22:49
Imperial
36:09
| APM promedio | 32.5 |
| APM pico | 61 |
| eAPM promedio | 12.0 |
| Aldeanos / militares | 95 / 78 |
Foco
⚔️ 33.9% · 🌾 66.1%
Scout Cavalry ×48 · Cavalry Archer ×15 · Trebuchet (Packed) ×5 · Magyar Huszar ×4 · Skirmisher ×3 · Spearman ×2
Feudal
12:42
Castillos
16:27
Imperial
44:26
| APM promedio | 51.0 |
| APM pico | 116 |
| eAPM promedio | 26.0 |
| Aldeanos / militares | 98 / 39 |
Foco
⚔️ 31.8% · 🌾 68.2%
Spearman ×22 · Camel Scout ×9 · Monk ×3 · Trebuchet (Packed) ×3 · Cataphract ×2
Mapa de la partida
Recursos iniciales + cada clic de construcción. Líneas = muros · curvas = relieve. ◆ oro · ⬟ piedra · ● bayas · ✦ reliquia · ◌ hueco del cierre
Tu base· ✓ Cerrada en 22:49 · 3t muro · sin puerta
Base de timeforgpt· ✓ Cerrada en 16:27 · 3t muro · 1 puerta(s)
Terreno inicial suavizado · ◌ = hueco del cierre detectado · pasá el cursor para detalles
Inputs por minuto
— TiDuS - - timeforgpt
Build order — TiDuS
Primeras 150 de 293 acciones detectadas
| 0:00 | Crear | Villager (Male) |
| 0:01 | Crear | Villager (Male) |
| 0:01 | Crear | Villager (Male) |
| 0:01 | Crear | Villager (Male) |
| 0:03 | Construir | House |
| 0:07 | Construir | House |
| 1:26 | Construir | Lumber Camp |
| 1:43 | Crear | Villager (Male) |
| 2:22 | Crear | Villager (Male) |
| 3:22 | Crear | Villager (Male) |
| 3:32 | Crear | Villager (Male) |
| 4:34 | Construir | House |
| 4:37 | Construir | Mill |
| 4:38 | Crear | Villager (Male) |
| 4:45 | Crear | Villager (Male) |
| 4:46 | Crear | Villager (Male) |
| 4:46 | Crear | Villager (Male) |
| 4:46 | Crear | Villager (Male) |
| 5:54 | Crear | Villager (Male) |
| 6:39 | Construir | Barracks |
| 6:59 | Crear | Villager (Male) |
| 7:02 | Crear | Villager (Male) |
| 7:03 | Crear | Villager (Male) |
| 7:11 | Construir | House |
| 8:15 | Crear | Villager (Male) |
| 8:32 | Construir | House |
| 8:35 | Investigar | Loom |
| 9:07 | Investigar | Feudal Age |
| 9:22 | Crear | Villager (Male) |
| 10:33 | Construir | Mining Camp |
| 11:17 | Edad | Edad Feudal |
| 11:19 | Investigar | Double-Bit Axe |
| 11:46 | Construir | Stable |
| 11:48 | Crear | Villager (Male) |
| 12:22 | Construir | Stable |
| 12:24 | Crear | Villager (Male) |
| 12:49 | Crear | Scout Cavalry |
| 12:50 | Crear | Scout Cavalry |
| 12:51 | Crear | Scout Cavalry |
| 12:53 | Crear | Villager (Male) |
| 12:57 | Investigar | Horse Collar |
| 13:04 | Crear | Scout Cavalry |
| 13:05 | Crear | Scout Cavalry |
| 13:06 | Investigar | Bloodlines |
| 13:20 | Crear | Villager (Male) |
| 13:28 | Crear | Villager (Male) |
| 13:53 | Construir | House |
| 14:04 | Crear | Villager (Male) |
| 14:11 | Construir | House |
| 14:12 | Construir | House |
| 14:16 | Construir | Market |
| 14:21 | Construir | Blacksmith |
| 14:45 | Crear | Villager (Male) |
| 14:55 | Construir | Farm |
| 14:59 | Construir | Farm |
| 15:04 | Crear | Villager (Male) |
| 15:08 | Construir | Farm |
| 15:16 | Crear | Villager (Male) |
| 15:26 | Construir | Farm |
| 15:38 | Crear | Villager (Male) |
| 16:19 | Crear | Villager (Male) |
| 16:31 | Crear | Villager (Male) |
| 16:35 | Construir | Farm |
| 16:35 | Construir | Farm |
| 16:38 | Construir | Farm |
| 16:38 | Construir | Farm |
| 16:38 | Construir | Farm |
| 17:02 | Crear | Villager (Male) |
| 17:10 | Construir | Farm |
| 17:10 | Construir | Farm |
| 17:11 | Construir | Farm |
| 17:17 | Construir | House |
| 17:32 | Construir | Farm |
| 17:36 | Construir | Farm |
| 17:47 | Construir | Farm |
| 17:51 | Construir | Farm |
| 17:56 | Construir | Farm |
| 17:56 | Construir | Farm |
| 18:00 | Construir | House |
| 18:06 | Construir | Palisade Gate |
| 18:14 | Crear | Villager (Male) |
| 18:21 | Construir | Palisade Wall |
| 18:41 | Crear | Villager (Male) |
| 18:50 | Construir | Farm |
| 19:19 | Construir | House |
| 19:40 | Construir | Archery Range |
| 20:02 | Construir | Farm |
| 20:09 | Investigar | Castle Age |
| 21:23 | Crear | Skirmisher |
| 21:23 | Crear | Skirmisher |
| 21:23 | Crear | Skirmisher |
| 21:30 | Construir | House |
| 21:31 | Crear | Villager (Male) |
| 21:52 | Construir | Archery Range |
| 22:49 | Edad | Edad de los Castillos |
| 22:54 | Investigar | Bow Saw |
| 22:55 | Investigar | Heavy Plow |
| 23:48 | Construir | Monastery |
| 23:52 | Crear | Villager (Male) |
| 23:54 | Crear | Villager (Male) |
| 24:35 | Crear | Cavalry Archer |
| 24:36 | Crear | Cavalry Archer |
| 24:37 | Crear | Villager (Male) |
| 24:55 | Crear | Villager (Male) |
| 25:09 | Construir | Town Center |
| 25:20 | Crear | Villager (Male) |
| 25:27 | Crear | Cavalry Archer |
| 25:27 | Crear | Cavalry Archer |
| 25:31 | Investigar | Fletching |
| 25:31 | Investigar | Padded Archer Armor |
| 25:32 | Investigar | Scale Barding Armor |
| 25:33 | Crear | Villager (Male) |
| 25:35 | Investigar | Wheelbarrow |
| 25:53 | Crear | Villager (Male) |
| 26:05 | Investigar | Bodkin Arrow |
| 26:15 | Construir | University |
| 27:00 | Crear | Villager (Male) |
| 27:04 | Crear | Villager (Male) |
| 27:12 | Investigar | Gold Mining |
| 27:13 | Investigar | Stone Mining |
| 27:33 | Crear | Spearman |
| 27:33 | Crear | Spearman |
| 27:45 | Crear | Villager (Male) |
| 27:47 | Investigar | Hand Cart |
| 27:53 | Crear | Villager (Male) |
| 27:53 | Crear | Villager (Male) |
| 28:02 | Investigar | Husbandry |
| 28:08 | Investigar | Light Cavalry (upgrade) |
| 28:15 | Crear | Scout Cavalry |
| 28:15 | Crear | Scout Cavalry |
| 28:16 | Crear | Villager (Male) |
| 28:21 | Crear | Cavalry Archer |
| 28:21 | Crear | Cavalry Archer |
| 29:05 | Construir | Mining Camp |
| 29:17 | Crear | Cavalry Archer |
| 29:17 | Crear | Cavalry Archer |
| 29:22 | Crear | Villager (Male) |
| 29:38 | Construir | Mining Camp |
| 30:00 | Investigar | Chain Barding Armor |
| 30:01 | Crear | Villager (Male) |
| 30:07 | Construir | House |
| 30:08 | Construir | House |
| 30:10 | Construir | House |
| 30:25 | Crear | Scout Cavalry |
| 30:26 | Crear | Scout Cavalry |
| 30:27 | Crear | Scout Cavalry |
| 30:31 | Construir | Farm |
| 30:32 | Construir | Farm |
| 30:41 | Construir | Lumber Camp |
| 30:48 | Crear | Villager (Male) |
Build order — timeforgpt
Primeras 150 de 231 acciones detectadas
| 0:03 | Construir | House |
| 0:05 | Construir | House |
| 0:18 | Construir | House |
| 0:23 | Construir | House |
| 0:31 | Crear | Villager (Male) |
| 0:32 | Crear | Villager (Male) |
| 0:32 | Crear | Villager (Male) |
| 0:32 | Crear | Villager (Male) |
| 2:30 | Crear | Villager (Male) |
| 2:30 | Crear | Villager (Male) |
| 2:30 | Crear | Villager (Male) |
| 2:30 | Crear | Villager (Male) |
| 4:12 | Crear | Villager (Male) |
| 4:13 | Crear | Villager (Male) |
| 4:13 | Crear | Villager (Male) |
| 4:13 | Crear | Villager (Male) |
| 4:13 | Crear | Villager (Male) |
| 4:49 | Construir | House |
| 5:26 | Crear | Villager (Male) |
| 5:31 | Construir | House |
| 5:52 | Crear | Villager (Male) |
| 6:07 | Construir | House |
| 6:12 | Construir | Mill |
| 6:44 | Crear | Villager (Male) |
| 6:57 | Crear | Villager (Male) |
| 7:07 | Crear | Villager (Male) |
| 7:17 | Construir | Lumber Camp |
| 7:35 | Crear | Villager (Male) |
| 7:41 | Crear | Villager (Male) |
| 7:58 | Crear | Villager (Male) |
| 9:42 | Crear | Villager (Male) |
| 9:42 | Crear | Villager (Male) |
| 10:02 | Crear | Villager (Male) |
| 10:28 | Investigar | Feudal Age |
| 10:28 | Investigar | Feudal Age |
| 10:57 | Crear | Villager (Male) |
| 11:45 | Construir | Mining Camp |
| 12:42 | Edad | Edad Feudal |
| 12:55 | Construir | Market |
| 13:03 | Construir | Blacksmith |
| 13:14 | Construir | Blacksmith |
| 13:22 | Crear | Villager (Male) |
| 13:35 | Investigar | Castle Age |
| 13:35 | Investigar | Castle Age |
| 13:39 | Construir | House |
| 13:46 | Construir | Palisade Wall |
| 13:59 | Construir | Palisade Gate |
| 14:40 | Crear | Villager (Male) |
| 14:40 | Crear | Villager (Male) |
| 14:43 | Investigar | Loom |
| 14:44 | Crear | Villager (Male) |
| 14:44 | Crear | Villager (Male) |
| 16:27 | Edad | Edad de los Castillos |
| 16:47 | Construir | Town Center |
| 16:51 | Crear | Villager (Male) |
| 17:01 | Construir | Barracks |
| 17:28 | Crear | Villager (Male) |
| 17:57 | Investigar | Pikeman (upgrade) |
| 17:57 | Investigar | Pikeman (upgrade) |
| 18:03 | Construir | Town Center |
| 18:06 | Crear | Villager (Male) |
| 18:06 | Crear | Villager (Male) |
| 18:06 | Crear | Villager (Male) |
| 18:12 | Crear | Spearman |
| 18:12 | Crear | Spearman |
| 18:37 | Crear | Spearman |
| 18:56 | Construir | Farm |
| 18:56 | Construir | Farm |
| 18:56 | Construir | Farm |
| 19:19 | Construir | Farm |
| 20:06 | Construir | Farm |
| 20:06 | Construir | Farm |
| 20:06 | Construir | Farm |
| 20:07 | Construir | Farm |
| 20:07 | Construir | Farm |
| 20:07 | Construir | Farm |
| 20:07 | Construir | Farm |
| 20:30 | Crear | Villager (Male) |
| 20:30 | Crear | Villager (Male) |
| 20:40 | Construir | House |
| 20:45 | Construir | House |
| 20:47 | Construir | House |
| 20:50 | Construir | House |
| 21:03 | Construir | Palisade Wall |
| 21:04 | Construir | Palisade Wall |
| 21:30 | Crear | Villager (Male) |
| 21:30 | Crear | Villager (Male) |
| 21:30 | Crear | Villager (Male) |
| 21:32 | Construir | Farm |
| 22:11 | Crear | Villager (Male) |
| 22:11 | Crear | Villager (Male) |
| 22:11 | Crear | Villager (Male) |
| 22:24 | Crear | Villager (Male) |
| 22:25 | Crear | Villager (Male) |
| 22:25 | Crear | Villager (Male) |
| 22:42 | Construir | Mill |
| 22:53 | Crear | Spearman |
| 22:53 | Crear | Spearman |
| 23:36 | Construir | Stable |
| 24:26 | Crear | Spearman |
| 24:26 | Crear | Spearman |
| 24:28 | Crear | Spearman |
| 24:29 | Crear | Villager (Male) |
| 24:30 | Crear | Villager (Male) |
| 24:30 | Crear | Villager (Male) |
| 24:40 | Construir | Monastery |
| 24:49 | Construir | Monastery |
| 24:54 | Crear | Spearman |
| 25:16 | Construir | Stable |
| 25:18 | Crear | Monk |
| 25:19 | Crear | Monk |
| 25:27 | Crear | Villager (Male) |
| 25:27 | Crear | Villager (Male) |
| 25:27 | Crear | Villager (Male) |
| 25:40 | Construir | Lumber Camp |
| 26:07 | Crear | Camel Scout |
| 26:07 | Crear | Camel Scout |
| 26:11 | Crear | Monk |
| 27:00 | Crear | Camel Scout |
| 27:12 | Crear | Villager (Male) |
| 27:12 | Crear | Villager (Male) |
| 27:13 | Crear | Villager (Male) |
| 27:13 | Crear | Villager (Male) |
| 27:14 | Crear | Villager (Male) |
| 27:14 | Crear | Villager (Male) |
| 27:56 | Crear | Villager (Male) |
| 27:57 | Crear | Villager (Male) |
| 28:16 | Crear | Villager (Male) |
| 28:17 | Crear | Villager (Male) |
| 29:08 | Construir | Mining Camp |
| 29:44 | Crear | Villager (Male) |
| 29:44 | Crear | Villager (Male) |
| 29:45 | Crear | Villager (Male) |
| 29:52 | Investigar | Wheelbarrow |
| 29:52 | Investigar | Wheelbarrow |
| 29:56 | Construir | House |
| 29:58 | Construir | Mining Camp |
| 30:42 | Construir | Town Center |
| 30:55 | Construir | House |
| 30:57 | Construir | House |
| 32:25 | Crear | Camel Scout |
| 32:25 | Crear | Camel Scout |
| 32:27 | Crear | Villager (Male) |
| 32:27 | Crear | Villager (Male) |
| 32:28 | Crear | Villager (Male) |
| 32:28 | Crear | Villager (Male) |
| 32:57 | Crear | Villager (Male) |
| 32:57 | Crear | Villager (Male) |
| 32:57 | Crear | Villager (Male) |
| 33:01 | Crear | Camel Scout |
Cronología de la partida
| 6:39 | TiDuS · first_building Barracks |
| 11:17 | TiDuS · age_up feudal |
| 11:46 | TiDuS · first_building Stable |
| 12:42 | timeforgpt · age_up feudal |
| 13:46 | timeforgpt · wall_segment Palisade Wall x3 |
| 16:27 | timeforgpt · age_up castle |
| 17:01 | timeforgpt · first_building Barracks |
| 18:21 | TiDuS · wall_segment Palisade Wall x3 |
| 19:40 | TiDuS · first_building Archery Range |
| 20:06 | TiDuS · first_market_buy 100 food |
| 21:03 | timeforgpt · wall_segment Palisade Wall x1 |
| 21:04 | timeforgpt · wall_segment Palisade Wall x1 |
| 22:49 | TiDuS · age_up castle |
| 23:36 | timeforgpt · first_building Stable |
| 23:48 | TiDuS · first_building Monastery |
| 24:40 | timeforgpt · first_building Monastery |
| 25:01 | TiDuS · first_market_sell 100 food |
| 26:03 | timeforgpt · first_market_sell 100 wood |
| 36:09 | TiDuS · age_up imperial |
| 37:37 | timeforgpt · first_building Castle |
| 37:51 | timeforgpt · wall_segment Palisade Wall x4 |
| 40:00 | TiDuS · first_building Castle |
| 44:26 | timeforgpt · age_up imperial |
| 49:00 | timeforgpt · resign |
[ ANÁLISIS IA · 1 CRÉDITO ]
¿Qué pasó realmente en esta partida?
Wolo.gg analiza cada decisión: build order, eco, micro, errores típicos por bracket. Análisis personalizado por WhatsApp o Discord en 30 segundos.
Guía civ
Magiares
Guía mapa
Enclosed
Perfil
Jugador #8594833